 Dungeon Crawl Stone Soup version 0.25.0-26-g0c896c7088 (webtiles) character file.

Game seed: 2277060715706533743

233 MisterFreud the Chiller (level 5, -10/41 HPs)
             Began as a Demonspawn Ice Elementalist on July 5, 2020.
             Killed by triggering an arrow trap (15 damage)
             ... in an ossuary.
             The game lasted 00:07:48 (4999 turns).

MisterFreud the Chiller (DsIE)                      Turns: 4999, Time: 00:07:49

Health: -10/41     AC:  5    Str:  8    XL:     5   Next: 74%
Magic:  8/9        EV: 12    Int: 18    God:
Gold:   145        SH:  0    Dex: 13    Spells: 6/10 levels left

rFire    . . .     SeeInvis .     - Unarmed
rCold    . . .     Gourm    .   (no shield)
rNeg     + . .     Faith    .   a - +0 robe
rPois    .         Spirit   .   (no helmet)
rElec    .         Reflect  .   (no cloak)
rCorr    .         Harm     .   v - +2 pair of gloves
MR       .....                  (no boots)
Stlth    ++........             (no amulet)
HPRegen  0.13/turn              o - ring of positive energy
MPRegen  0.11/turn              (no ring)

@: no status effects
A: claws 2, talons 1, demonic guardian 1
a: no special abilities


You were in an ossuary.
You were not hungry.

You visited 1 branch of the dungeon, and saw 4 of its levels.
You also visited: Ossuary.

You collected 145 gold pieces.

Inventory:

Missiles
 w - 14 poisoned darts (quivered)
Armour
 a - a +0 robe (worn)
 i - a cursed +0 ring mail
 v - a +2 pair of gloves (worn)
Jewellery
 f - a cursed ring of attention {unknown}
 h - an uncursed ring of positive energy
 o - a ring of positive energy (left hand)
Scrolls
 e - 2 scrolls of amnesia {unknown}
 g - 5 scrolls of identify {unknown}
 l - a scroll of fog {unknown}
 n - 2 scrolls of enchant armour {unknown}
 p - 3 scrolls of remove curse {unknown}
 q - 4 scrolls of enchant weapon {unknown}
 s - a scroll of immolation {unknown}
 u - a scroll of blinking {unknown}
 y - a scroll of random uselessness {unknown}
Potions
 b - a potion of haste {unknown}
 d - a potion of invisibility {unknown}
 j - 4 potions of curing {unknown}
 k - 2 potions of ambrosia {unknown}
 m - 2 potions of mutation {unknown}
 r - 3 potions of flight {unknown}
 t - 3 potions of heal wounds {unknown}
 x - 3 potions of might {unknown}
 z - a potion of cancellation {unknown}
 A - 2 potions of lignification {unknown}
 B - a potion of stabbing {unknown}
Comestibles
 c - 5 rations


   Skills:
 - Level 3.0 Fighting
 - Level 1.7 Dodging
 - Level 1.7 Stealth
 + Level 1.2 Unarmed Combat
 - Level 3.0 Spellcasting
 - Level 5.0 Ice Magic


You had 6 spell levels left.
You knew the following spells:

 Your Spells              Type           Power        Failure   Level  Hunger
a - Freeze                Ice            ###.         1%          1    None
b - Frozen Ramparts       Ice            ###...       6%          3    ###....

Your spell library contained the following spells:

 Spells                   Type           Power        Failure   Level  Hunger
 Magic Dart               Conj           #...         16%         1    None
 Ozocubu's Armour         Chrm/Ice       ##......     17%         3    ###....
 Blink                    Tloc           N/A          24%         2    ##.....
 Call Imp                 Summ           #.......     24%         2    ##.....
 Slow                     Hex            #.......     24%         2    ##.....
 Conjure Flame            Conj/Fire      #.......     43%         3    ###....
 Mephitic Cloud           Conj/Pois/Air  #.......     43%         3    ###....
 Hailstorm                Conj/Ice       ##......     50%         4    ####...
 Summon Ice Beast         Ice/Summ       ##......     50%         4    ####...


Dungeon Overview and Level Annotations

Branches:
Dungeon (4/15)            Ossuary (1/1)
 Temple: D:4-7

Altars:

Shops:
D:4 }


Innate Abilities, Weirdness & Mutations

You have very sharp fingernails.
You have sharp toenails.
A weak demonic guardian rushes to your aid.


Message History

Casting: Frozen Ramparts (dangerous; 6% risk of failure)
Confirm with . or Enter, or press ? or * to list all spells.
The walls around you are covered in ice.
The mummy completely resists.
The wall freezes the mummy but do no damage.
There is an open door here.
The mummy resists.
The wall freezes the mummy.
There is an open door here.
The mummy resists.
The wall freezes the mummy.
The mummy resists.
The wall freezes the mummy.
The mummy hits you!!
You hit the mummy.
The mummy is moderately damaged.
The frozen ramparts melt away.
The mummy hits you!
* * * LOW HITPOINT WARNING * * *
You hit the mummy. You claw the mummy, but do no damage.
The mummy is heavily damaged.
There is an open door here.
Really walk into that arrow trap?
An arrow shoots out and hits you!
You die...

### #.# ##'##
#...####
+...'^.#
#...##^##
##'###..## #@#
##..## #.##
##..# #..#
##.# #.## ##'#
#+# #M# ##..#
##.####.#
##..##
#...##..#
#..##
+...'..####^##
#...#### #.^#


You could see a mummy.

Vanquished Creatures
  7 mummies (Ossuary)
  An adder (D:3)
  2 oozes
  4 worms
  2 dart slugs
  2 leopard geckos
  5 orcs (D:3)
  10 bats
  5 giant cockroaches
  13 goblins
  9 hobgoblins
  7 jackals
  6 kobolds
  2 quokkas (D:3)
  7 frilled lizards
  3 gnoll skeletons (Ossuary)
  3 kobold skeletons (Ossuary)
  An orc skeleton (Ossuary)
  10 rats
  11 rat skeletons (Ossuary)
110 creatures vanquished.

Vanquished Creatures (collateral kills)
  A giant cockroach (D:4)
1 creature vanquished.

Grand Total: 111 creatures vanquished

Notes
Turn   | Place    | Note
-------+----------+-------------------------------------------
     0 | D:1      | MisterFreud the Demonspawn Ice Elementalist began the quest
                  | for the Orb.
     0 | D:1      | Reached XP level 1. HP: 13/13 MP: 3/3
   101 | D:1      | Reached skill level 1 in Fighting
   207 | D:1      | Gained mutation: A weak demonic guardian rushes to your
                  | aid. [demonic ancestry]
   207 | D:1      | Reached XP level 2. HP: 22/22 MP: 3/5
   820 | D:1      | Gained mutation: You have sharp toenails. [demonic
                  | ancestry]
   820 | D:1      | Reached XP level 3. HP: 28/28 MP: 1/6
   972 | D:1      | Learned a level 3 spell: Frozen Ramparts
  2207 | D:3      | Gained mutation: You have sharp fingernails. [demonic
                  | ancestry]
  2207 | D:3      | Reached XP level 4. HP: 35/35 MP: 5/7
  2405 | D:3      | Reached skill level 4 in Ice Magic
  3748 | D:4      | Found Coeffayt's Gadget Emporium.
  3750 | D:4      | Found a sand-covered staircase.
  3757 | Ossuary  | Entered an ossuary
  3800 | Ossuary  | Gained mutation: You have very sharp fingernails. [demonic
                  | ancestry]
  3800 | Ossuary  | Reached XP level 5. HP: 25/41 MP: 3/9
  4839 | Ossuary  | Reached skill level 1 in Unarmed Combat
  4839 | Ossuary  | Reached skill level 5 in Ice Magic
  4999 | Ossuary  | Killed by triggering an arrow trap

Illustrated notes

Levels and vault maps discovered:
D:1:      nzn_arrival_depleted_hourglass, layout_basic
D:2:      layout_basic, serial_glass, glass_columns_c, glass_columns_a
D:3:      layout_loops_ring, st_stairs_1, minmay_fractal_squares_diagonal_5
D:4:      layout_loops_corners, okawaru_ov_weapons_minmay, serial_shops, shop,
          shop, shop, shop, nicolae_shop_crystal, first_ration,
          nicolae_ossuary_entry_ruins, uniq_edmund
Ossuary:  ossuary_due_small_catacomb

Skill      XL: |  1  2  3  4  5 |
---------------+----------------+-----
Fighting       | 1 2 3 |  3.0
Ice Magic      | 4 5 |  5.0
Spellcasting   | 3 |  3.0
Unarmed Combat | 1 |  1.2
Dodging        | |  1.7
Stealth        | |  1.7

Action                   |  1- 3 |  4- 6 || total
-------------------------+-------+-------++-------
Melee: Club              |    22 |   104 ||   126
       Kick              |     5 |    55 ||    60
       Unarmed           |       |    93 ||    93
 Cast: Freeze            |    67 |    11 ||    78
       Frozen Ramparts   |     1 |    24 ||    25
 Stab: Sleeping          |       |     3 ||     3
       Distracted        |       |     1 ||     1
  Eat: Chunk             |     5 |     5 ||    10
       Ration            |       |     2 ||     2
Armor: Robe              |    13 |    36 ||    49
Dodge: Dodged            |    44 |   119 ||   163
